[Event "Late-Titled-Tuesday-Blitz-January-23-2024"]
[Site "Chess.com"]
[Date "2024.01.23"]
[Round "8"]
[White "AndresDelgado77"]
[Black "winniethepooh04"]
[Result "1-0"]
[WhiteElo "2399"]
[BlackElo "2519"]
[TimeControl "180+1"]
[EndTime "15:23:15 PST"]
[Termination "AndresDelgado77 won by resignation"]

1. e4 e6 2. d4 d5 3. e5 c5 4. c3 Nc6 5. Nf3 Bd7 6. a3 c4 7. Bf4 Na5 8. Nbd2 Bc6 9. h4 Qd7 10. h5 Ba4 11. Qc1 h6 12. g4 Ne7 13. Bh3 Nec6 14. g5 hxg5 15. Bxg5 Rxh5 16. Ke2 g6 17. Bg4 Rxh1 18. Qxh1 Bc2 19. Bf6 Bd3+ 20. Ke3 Ne7 21. Ng5 Bf5 22. Qh7 Nec6 23. Bxf5 gxf5 24. Rh1 Ne7 25. Qxf7+ Kd8 26. Qxf8+ Kc7 27. Qxe7 Qxe7 28. Bxe7 Rg8 29. Rh7 Nc6 30. Bc5+ Kb8 31. Nxe6 a6 32. Bb6 Re8 33. Nc5 Ka8 34. Rxb7 Rf8 35. Rc7 Nd8 36. Ra7+ Kb8 37. Nd7+ 1-0

[Event "Late-Titled-Tuesday-Blitz-January-23-2024"]
[Site "Chess.com"]
[Date "2024.01.23"]
[Round "8"]
[White "FontVella8"]
[Black "Jumbo"]
[Result "0-1"]
[WhiteElo "2745"]
[BlackElo "2954"]
[TimeControl "180+1"]
[EndTime "15:23:25 PST"]
[Termination "Jumbo won by resignation"]

1. Nf3 Nf6 2. b3 g6 3. Bb2 Bg7 4. g3 O-O 5. Bg2 d6 6. O-O e5 7.
c4 Re8 8. d3 a5 9. a3 Nc6 10.
Qc2 d5 11. cxd5 Nxd5 12. Nc3 Be6 13. Ne4 Nd4 14. Nxd4 exd4 15. Nc5 Bc8 16. Rac1 c6 17. e4 dxe3 18. Bxg7 Kxg7 19. Bxd5 e2 20. Rfe1 Qxd5 21. Rxe2 Bh3 22. Qb2+ f6 23. Ne4 Qf5 24. f4 Re6 25.
Rc5 Qg4 26. Nxf6 Qxe2 27. Nh5+ Kf8 28. Qg7+ Ke8 0-1

[Event "Late-Titled-Tuesday-Blitz-January-23-2024"]
[Site "Chess.com"]
[Date "2024.01.23"]
[Round "8"]
[White "Mikhail_Golubev"]
[Black "kingofthenil"]
[Result "1-0"]
[WhiteElo "2551"]
[BlackElo "2679"]
[TimeControl "180+1"]
[EndTime "15:23:27 PST"]
[Termination "Mikhail_Golubev won by checkmate"]

1. e4 Nc6 2. Nf3 d5 3. exd5 Qxd5 4. Nc3 Qh5 5. Nb5 Kd8 6. d4 Bg4 7. Be2 Bxf3 8. gxf3 Nf6 9. c4 e6 10. a3 a6 11. Nc3 Kc8 12. d5 exd5 13. cxd5 Na7 14.
Be3 Bd6 15. Rc1 Re8 16. Ne4 Nxe4 17. fxe4 Qh4 18. Rc4 Be5 19. d6 Rd8 20. Bg4+ f5 21.
Rxc7+ Kb8 22. Qd5 Nc6 23. Rxc6 Qxg4 24. Rc7 Qxe4 25. Rxb7+ Kc8 26. Rc7+ Kb8 27. Qb3+ Qb7 28. Qxb7# 1-0

[Event "Late-Titled-Tuesday-Blitz-January-23-2024"]
[Site "Chess.com"]
[Date "2024.01.23"]
[Round "8"]
[White "alexgo05"]
[Black "Yurovskykh_Oleksandr"]
[Result "0-1"]
[WhiteElo "2388"]
[BlackElo "2620"]
[TimeControl "180+1"]
[EndTime "15:23:30 PST"]
[Termination "Yurovskykh_Oleksandr won by resignation"]

1. Nf3 d5 2. b3 Bg4 3. Bb2 Bxf3 4. exf3 e6 5. f4 Nf6 6. g3 g6 7. Bg2 Bg7 8. O-O O-O 9. d3 c5 10. Nd2 Nc6 11. Nf3 Nd7 12. Bxg7 Kxg7 13. d4 cxd4 14. Nxd4 Qb6 15. Nf3 Nc5 16. Qc1 Rac8 17. Qb2+ Kg8 18. h4 Ne4 19. h5 Nxg3 20. h6 Nf5 21. Qf6 Qd8 22. Qb2 Qd6 23. Ne5 Nxe5 24. fxe5 Qc5 25. c4 dxc4 26. Bxb7 Rb8 27. Bg2 c3 28. Qc2 Qxe5 29.
Rfe1 Qf6 30. Rad1 Rfd8 31. Rxd8+ Rxd8 32. Rc1 Nxh6 33. Qxc3 Rd1+ 34. Kh2 Qf4+ 0-1

[Event "Late-Titled-Tuesday-Blitz-January-23-2024"]
[Site "Chess.com"]
[Date "2024.01.23"]
[Round "8"]
[White "DrCeltic"]
[Black "Qvalda"]
[Result "1-0"]
[WhiteElo "2605"]
[BlackElo "2435"]
[TimeControl "180+1"]
[EndTime "15:23:30 PST"]
[Termination "DrCeltic won by resignation"]

1. e4 e6 2. d4 d5 3. Nc3 Nf6 4. Bg5 dxe4 5. Nxe4 Be7 6. Nxf6+ Bxf6 7. Bxf6 Qxf6 8.
Qd3 O-O 9. Nf3 Rd8 10. O-O-O c5 11. Qe4 Nc6 12. Bd3 g6 13. dxc5 Rd5 14. Qc4 Ne5 15. Nxe5 Qxe5 16. Rhe1 Qg5+ 17. f4 Qxg2 18. Be4 Rxd1+ 19.
Rxd1 Qxh2 20. Rd8+ Kg7 21. Qd4+ Kh6 22. Qe3 f5 23.
Bf3 Qh4 24. Rd1 Kg7 25. c6 Qe7 26. Qe5+ Kg8 27. Bd5 a5 28. cxb7 Bxb7 29. Bxe6+ 1-0

[Event "Late-Titled-Tuesday-Blitz-January-23-2024"]
[Site "Chess.com"]
[Date "2024.01.23"]
[Round "8"]
[White "Nouali_Mohamed"]
[Black "BardArtem"]
[Result "0-1"]
[WhiteElo "2548"]
[BlackElo "2793"]
[TimeControl "180+1"]
[EndTime "15:23:32 PST"]
[Termination "BardArtem won on time"]

1. e4 c5 2. Nf3 d6 3. d4 cxd4 4. Nxd4 Nf6 5. Nc3 g6 6. Be3 Nc6 7. f3 h5 8. Qd2 Nxd4 9. Bxd4 Bh6 10. Be3 Bxe3 11. Qxe3 Be6 12. Bb5+ Kf8 13. O-O Kg7 14. Ba4 Qa5 15. Bb3 Rac8 16. Kh1 h4 17. h3 Nh5 18.
Ne2 Qa6 19. Kh2 Bc4 20. Bxc4 Qxc4 21. c3 b5 22. f4 Qc5 23. Qf3 a5 24. a3 a4 25. Rad1 Nf6 26. Rd4 Rh5 27. Rfd1 Rch8 28. Rb4 e5 29. Rd3 exf4 30. Nxf4 Rg5 31. Kh1 Rg3 32. Qd1 Re8 0-1

[Event "Late-Titled-Tuesday-Blitz-January-23-2024"]
[Site "Chess.com"]
[Date "2024.01.23"]
[Round "8"]
[White "maximnovik"]
[Black "AlexPapasimakopoulos"]
[Result "0-1"]
[WhiteElo "2585"]
[BlackElo "2765"]
[TimeControl "180+1"]
[EndTime "15:23:33 PST"]
[Termination "AlexPapasimakopoulos won by checkmate"]

1. e4 e6 2. d4 d5 3. e5 c5 4.
c3 Nc6 5. Nf3 Bd7 6. Bd3 cxd4 7.
cxd4 Qb6 8. Be2 Nge7 9. Nc3 Nf5 10. Na4 Bb4+ 11. Kf1 Qd8 12. g4 Nh4 13. Bg5 Be7 14.
Bxh4 Bxh4 15. Nc5 Be7 16. Rc1 Qb6 17. Qd2 Rc8 18. Kg2 h5 19. g5 h4 20. a3 h3+ 21. Kg3 f6 22. b4 fxe5 23. dxe5 a5 24. Na4 Qd8 25. b5 Na7 26. Rxc8 Nxc8 27. Bd3 Kf8 28. Bg6 Be8 29. Qf4+ Kg8 30. Bxe8 Qxe8 31.
Rc1 Bxa3 32. Rc7 Ne7 33. Nc5 Nf5+ 34. Kg4 Qh5# 0-1

[Event "Late-Titled-Tuesday-Blitz-January-23-2024"]
[Site "Chess.com"]
[Date "2024.01.23"]
[Round "8"]
[White "iulik86"]
[Black "diamonds13"]
[Result "0-1"]
[WhiteElo "2596"]
[BlackElo "2397"]
[TimeControl "180+1"]
[EndTime "15:23:33 PST"]
[Termination "diamonds13 won by resignation"]

1. e4 c5 2. Nf3 Nc6 3. Bb5 e6 4. Bxc6 bxc6 5. d3 Qc7 6. b3 Ne7 7. h4 h5 8. Bb2 Ng6 9. e5 d5 10. exd6 Qxd6 11. Nbd2 f6 12. Ne4 Qc7 13. Qd2 e5 14.
Qe3 Nf4 15. O-O Bg4 16. Nh2 O-O-O 17. Rfe1 Rd5 18. g3 Ng6 19. Nxg4 hxg4 20. Nc3 Rd4 21. Na4 f5 22. Bxd4 cxd4 23. Qg5 Qf7 24. h5 Nf4 25. gxf4 Rxh5 26. Qxh5 Qxh5 27. fxe5 Qh3 28. c3 f4 29.
cxd4 f3 0-1

[Event "Late-Titled-Tuesday-Blitz-January-23-2024"]
[Site "Chess.com"]
[Date "2024.01.23"]
[Round "8"]
[White "IngOscarArdila"]
[Black "IraZyne"]
[Result "0-1"]
[WhiteElo "2355"]
[BlackElo "2221"]
[TimeControl "180+1"]
[EndTime "15:23:40 PST"]
[Termination "IraZyne won by resignation"]

1. d4 d5 2. c4 e6 3. Nc3 c6 4. cxd5 exd5 5. Nf3 Bf5 6. Bf4 Nf6 7. e3 Bd6 8. Bxd6 Qxd6 9. Bd3 Bxd3 10. Qxd3 O-O 11. O-O Nbd7 12. a3 Rfe8 13. b4 b5 14. Rfc1 Nb6 15. Nd2 Nc4 16. Nxc4 bxc4 17. Qf5 g6 18.
Qg5 Ne4 19. Nxe4 Rxe4 20. Rab1 Rb8 21. h3 Kg7 22. g4 f6 23. Qh4 h5 24. Kg2 f5 25.
Qg3 Qxg3+ 26. Kxg3 fxg4 27. a4 gxh3 28. Kxh3 Kf6 29.
b5 cxb5 30. axb5 Re6 31. Ra1 Rb7 32. Ra5 Reb6 33. Rca1 Rxb5 34. Rxb5 Rxb5 35. Rxa7 Rb2 36. Kg2 g5 37. Rc7 h4 38. Rc5 Ke6 39. Kf3 h3 40. Kg3 h2 41. Rc6+ Kf5 42. Rh6 c3 43. Rxh2 c2 44. f3 c1=Q 45. e4+ dxe4 46. fxe4+ Kxe4 47. Rh7 Qf4+ 0-1

[Event "Late-Titled-Tuesday-Blitz-January-23-2024"]
[Site "Chess.com"]
[Date "2024.01.23"]
[Round "8"]
[White "Vicmary2005"]
[Black "ClayK1ng"]
[Result "0-1"]
[WhiteElo "1998"]
[BlackElo "2247"]
[TimeControl "180+1"]
[EndTime "15:23:40 PST"]
[Termination "ClayK1ng won on time"]

1. e4 d5 2. exd5 Qxd5 3. Nc3 Qe5+ 4. Be2 Bg4 5. d4 Bxe2 6. Ngxe2 Qa5 7. O-O c6 8. Nf4 Nf6 9. Re1 Nbd7 10. d5 cxd5 11.
Nfxd5 Nxd5 12. Nxd5 e6 13. Bf4 O-O-O 14. Bc7 Qxd5 15.
Qxd5 exd5 16. Bxd8 Kxd8 17. Rad1 Nf6 18. c4 Bb4 19. Re3 Re8 20. Rb3 Bc5 21. Rxb7 Re2 22.
b4 Bxf2+ 23. Kf1 Rxa2 24. cxd5 Bb6 25. Rxf7 Ng4 26. Rc1 Ne3+ 27. Ke1 Nxg2+ 28. Kf1 Ne3+ 29. Ke1 Rxh2 30. Rxg7 Nxd5 31. Rd1 Rh1+ 32. Ke2 Rxd1 33. Kxd1 h5 34. Rg5 Ne3+ 35. Ke2 h4 36. Rh5 Ng2 37. Kf3 Ne1+ 38. Kg4 Bf2 39. Rd5+ Kc7 40. Rd1 Bg3 41. Rc1+ Kb6 0-1

[Event "Late-Titled-Tuesday-Blitz-January-23-2024"]
[Site "Chess.com"]
[Date "2024.01.23"]
[Round "8"]
[White "Eloist"]
[Black "ChessSwole"]
[Result "0-1"]
[WhiteElo "2440"]
[BlackElo "2623"]
[TimeControl "180+1"]
[EndTime "15:23:41 PST"]
[Termination "ChessSwole won on time"]

1. e4 e5 2. Bc4 Nf6 3. d3 Nc6 4. Nf3 Bc5 5. O-O d6 6. c3 a5 7.
d4 Bb6 8. dxe5 Nxe5 9. Nxe5 dxe5 10. Qxd8+ Kxd8 11. Bg5 Ke7 12. Nd2 c6 13. a4 Rd8 14.
Rad1 h6 15. Bh4 g5 16. Bg3 Bg4 17. Nf3 Bxf3 18. gxf3 Nd7 19. Rd2 Bc7 20. Rfd1 Nc5 21.
Rxd8 Rxd8 22. Rxd8 Kxd8 23. b3 Ke7 24. h4 f6 25. Kg2 b5 26. axb5 cxb5 27. Bxb5 Nxb3 28.
Kf1 Kd6 29. Ke2 Kc5 30. Ba4 Kc4 31. h5 Kxc3 32. Bh2 Nc5 33. Bc6 a4 34. Bd5 Nb3 35. f4 gxf4 36. f3 a3 0-1

[Event "Late-Titled-Tuesday-Blitz-January-23-2024"]
[Site "Chess.com"]
[Date "2024.01.23"]
[Round "8"]
[White "familijatop71"]
[Black "Rdeux42"]
[Result "0-1"]
[WhiteElo "2249"]
[BlackElo "2437"]
[TimeControl "180+1"]
[EndTime "15:23:41 PST"]
[Termination "Rdeux42 won on time"]

1. e4 d6 2. d4 Nf6 3. Nc3 Nbd7 4. Nf3 e5 5. Bc4 Be7 6. O-O O-O 7. Re1 c6 8. a4 b6 9. h3 a6 10. Be3 Bb7 11. d5 cxd5 12. Bxd5 Bxd5 13. exd5 Qc7 14. Bg5 h6 15. Bxf6 Bxf6 16. Ne4 Be7 17. c3 f5 18. Ng3 g6 19. Nd4 Nc5 20. Nc6 Kg7 21. b4 Nb7 22. c4 Bf6 23. Rc1 h5 24.
Ne2 a5 25. b5 Nc5 26. f4 Rae8 27. fxe5 Bxe5 28. Ned4 Bxd4+ 29. Qxd4+ Kh7 30. Rxe8 Rxe8 31. Qd2 Nb3 32. Qc2 Nxc1 33. Qxc1 Re4 34. Qc3 Qg7 35. Qd3 Qa1+ 36. Kh2 h4 37. Nd8 Qe1 38. Ne6 Qg3+ 39. Qxg3 hxg3+ 40. Kxg3 Rxc4 0-1

[Event "Late-Titled-Tuesday-Blitz-January-23-2024"]
[Site "Chess.com"]
[Date "2024.01.23"]
[Round "8"]
[White "MokshanovAlexey"]
[Black "wild3000"]
[Result "1-0"]
[WhiteElo "2645"]
[BlackElo "2463"]
[TimeControl "180+1"]
[EndTime "15:23:42 PST"]
[Termination "MokshanovAlexey won by resignation"]

1. e4 e6 2. d4 a6 3. Bd3 b5 4. Nf3 Bb7 5. O-O Be7 6. c3 Nf6 7. Nbd2 c5 8. Re1 d5 9. e5 Nfd7 10. Nf1 Nc6 11. Ng3 Qb6 12. Nh5 Bf8 13. Be3 c4 14. Bc2 b4 15. Bg5 a5 16. Qd2 a4 17.
Rab1 b3 18. axb3 cxb3 19. Bd3 Ba6 20. Bxa6 Qxa6 21. Qf4 Ra7 22. Ra1 Qd3 23. Bh4 Qg6 24.
Ng3 Be7 25. Bxe7 Nxe7 26. Nd2 O-O 27. Nxb3 Rb8 28. Nc5 Nxc5 29. dxc5 Rxb2 30. Rxa4 Rxa4 31.
Qxa4 h5 32. Qe8+ Kh7 33. Qxe7 Rb1 34. Rxb1 Qxb1+ 35. Nf1 Qc2 36. c6 Qxc3 37. Qd7 1-0

[Event "Late-Titled-Tuesday-Blitz-January-23-2024"]
[Site "Chess.com"]
[Date "2024.01.23"]
[Round "8"]
[White "C_K_G"]
[Black "GMJustin"]
[Result "1-0"]
[WhiteElo "2157"]
[BlackElo "2323"]
[TimeControl "180+1"]
[EndTime "15:23:43 PST"]
[Termination "C_K_G won by checkmate"]

1. e4 e5 2. Nf3 Nc6 3. Bc4 Nf6 4. Ng5 d5 5. exd5 Nxd5 6. Nxf7 Kxf7 7. Qf3+ Ke6 8. Nc3 Nb4 9. O-O c6 10. Bb3 Bc5 11. a3 Na6 12. Ne4 Be7 13. c4 Nf4 14. d4 Rf8 15. dxe5 Ng6 16. c5+ Kxe5 17. Qe3 Kf5 18. Ng3+ Kg4 19. Qe2+ Kh4 20. Qh5# 1-0

[Event "Late-Titled-Tuesday-Blitz-January-23-2024"]
[Site "Chess.com"]
[Date "2024.01.23"]
[Round "8"]
[White "FredddieCroderg"]
[Black "Brown_Mamba24"]
[Result "0-1"]
[WhiteElo "2394"]
[BlackElo "2655"]
[TimeControl "180+1"]
[EndTime "15:23:45 PST"]
[Termination "Brown_Mamba24 won by resignation"]

1. d4 Nf6 2. c4 g6 3. Nc3 Bg7 4. e4 d6 5. Be2 O-O 6. Nf3 e5 7.
dxe5 dxe5 8. Qxd8 Rxd8 9. Nd5 Nxd5 10. cxd5 c6 11. Bc4 b5 12. Bb3 Bb7 13. dxc6 Nxc6 14. Bg5 Rd7 15. O-O Nd4 16. Nxd4 exd4 17. Rfe1 a5 18.
e5 Bd5 19. Bxd5 Rxd5 20. Bf6 Bh6 21. Rad1 d3 22. g3 Rc8 23. f4 d2 24. Rf1 Rc2 25. a4 bxa4 26. Kf2 Bf8 27. Ke2 Rxb2 28. h4 a3 29. h5 a2 30. hxg6 fxg6 31. g4 a1=Q 0-1

[Event "Late-Titled-Tuesday-Blitz-January-23-2024"]
[Site "Chess.com"]
[Date "2024.01.23"]
[Round "8"]
[White "DraningWaterHi"]
[Black "Sanyura"]
[Result "0-1"]
[WhiteElo "2214"]
[BlackElo "2622"]
[TimeControl "180+1"]
[EndTime "15:23:45 PST"]
[Termination "Sanyura won by resignation"]

1. d4 Nf6 2. c4 g6 3. g3 d6 4. Bg2 Bg7 5. Nf3 O-O 6. O-O Nbd7 7.
Nc3 e5 8. e4 exd4 9. Nxd4 Nc5 10. Re1 Re8 11. Bf4 Ng4 12. h3 Ne5 13. Bf1 Ned3 14.
Bxd3 Bxd4 15. Bc2 Bxc3 16. bxc3 Bxh3 17. f3 Be6 18. Kf2 Qf6 19. Qd4 Nd7 20. Rab1 b6 21. Bd3 Ne5 22. Kg2 Rad8 23. a4 c5 24. Qe3 Nc6 25. Bg5 Qxc3 26. Bxd8 Rxd8 27. Rh1 Bxc4 28. Rbd1 Ne5 29. Qg5 Re8 30. Bxc4 Qxf3+ 31. Kh2 Nxc4 32. Rhf1 Qe2+ 33. Kh3 Ne3 34. Qf6 Qg2+ 35. Kh4 Qh2+ 36.
Kg5 Qxg3+ 37. Kh6 Ng4+ 0-1

[Event "Late-Titled-Tuesday-Blitz-January-23-2024"]
[Site "Chess.com"]
[Date "2024.01.23"]
[Round "8"]
[White "falzehope0"]
[Black "rdarruda"]
[Result "1-0"]
[WhiteElo "2417"]
[BlackElo "2515"]
[TimeControl "180+1"]
[EndTime "15:23:46 PST"]
[Termination "falzehope0 won by resignation"]

1. d4 Nf6 2. e3 d6 3. Bd3 Nbd7 4.
f4 e5 5. Ne2 c6 6. O-O Be7 7.
Ng3 g6 8. c3 O-O 9. Nd2 Re8 10.
Kh1 Qc7 11. Qc2 Nf8 12. fxe5 dxe5 13. Nc4 Ng4 14. h3 exd4 15. hxg4 Qxg3 16. exd4 Bxg4 17. Ne5 Bd6 18. Bf4 Qh4+ 19. Kg1 Be6 20. Qd2 Qd8 21. Qf2 f5 22. Rae1 Qc7 23. Bb1 Nd7 24. Nxd7 Bxd7 25.
Rxe8+ Rxe8 26. Bh6 Bh2+ 27. Kh1 Bg3 28. Qf3 Be6 29.
Bc2 Bd5 30. Bb3 Bxb3 31. axb3 Re1 32. Rxe1 Bxe1 33. Qe2 Kf7 34. Qxe1 1-0

[Event "Late-Titled-Tuesday-Blitz-January-23-2024"]
[Site "Chess.com"]
[Date "2024.01.23"]
[Round "8"]
[White "grzechu96"]
[Black "annasargsyan_m"]
[Result "1-0"]
[WhiteElo "2721"]
[BlackElo "2532"]
[TimeControl "180+1"]
[EndTime "15:23:48 PST"]
[Termination "grzechu96 won by resignation"]

1. e4 c6 2. d4 d5 3. e5 Bf5 4.
c4 e6 5. Nc3 Ne7 6. a3 Nd7 7.
c5 b6 8. b4 a5 9. Be3 axb4 10.
axb4 bxc5 11. bxc5 Bg6 12. Nf3 Nf5 13. Be2 Be7 14. O-O O-O 15. Qd2 Qc7 16. h3 h6 17.
Bf4 Qb7 18. g4 Nh4 19. Nxh4 Bxh4 20. Be3 Rxa1 21. Rxa1 Rb8 22. Bd3 Nf8 23. f4 Qb2 24. Qxb2 Rxb2 25. Bxg6 Nxg6 26. Ra6 Rb3 27. Bd2 Nxf4 28.
Rxc6 Nxh3+ 29. Kf1 Ng5 30. Ke2 Nh3 31. Rb6 Rxb6 32.
cxb6 Bd8 33. b7 Bc7 34. Nb5 Bb8 35. Bb4 1-0

[Event "Late-Titled-Tuesday-Blitz-January-23-2024"]
[Site "Chess.com"]
[Date "2024.01.23"]
[Round "8"]
[White "smotherhubbard"]
[Black "Defenstrator"]
[Result "0-1"]
[WhiteElo "2342"]
[BlackElo "2507"]
[TimeControl "180+1"]
[EndTime "15:23:48 PST"]
[Termination "Defenstrator won by checkmate"]

1. d4 e6 2. c4 Bb4+ 3. Bd2 Qe7 4. e4 d5 5. cxd5 exd5 6. e5 Nc6 7. Nf3 Bg4 8. Nc3 Nxd4 9. Nxd5 Nxf3+ 10. gxf3 Qxe5+ 11. Be2 Bxd2+ 12. Qxd2 Bxf3 13. Nxc7+ Qxc7 14. Bxf3 Ne7 15. O-O O-O 16. Rac1 Nc6 17. Rc5 Rad8 18. Qc3 Rd6 19. Rc1 Rg6+ 20. Bg2 Qf4 21. Rc2 Nd4 22. h3 Nxc2 23.
Qxc2 b6 24. Rf5 Qb4 25. Kh1 Re8 26. Bd5 Qe1+ 27. Kh2 Qg1# 0-1

[Event "Late-Titled-Tuesday-Blitz-January-23-2024"]
[Site "Chess.com"]
[Date "2024.01.23"]
[Round "8"]
[White "KacperPolOK"]
[Black "ansko1999"]
[Result "0-1"]
[WhiteElo "2502"]
[BlackElo "2711"]
[TimeControl "180+1"]
[EndTime "15:23:52 PST"]
[Termination "ansko1999 won by resignation"]

1. e4 e5 2. Nf3 Nf6 3. Nc3 Nc6 4. d4 exd4 5. Nxd4 Bb4 6. Nxc6 bxc6 7. Bd3 d5 8. exd5 O-O 9. O-O Bg4 10. f3 Bh5 11. dxc6 Qd4+ 12. Kh1 Bxc3 13. bxc3 Qxc3 14. Bg5 Qxc6 15.
Qe1 Bg6 16. Bxg6 hxg6 17. Bxf6 gxf6 18. Qh4 Kg7 19. c4 Rh8 20. Qf4 Rh5 21. h3 Rc5 22.
Rac1 Re8 23. Rc2 Rb8 24. Rd1 Rb4 25. Rd4 Qa4 26. Qh4 Qxc2 27. Rd8 Qc1+ 28. Kh2 Rh5 29. Qe4 Rg5 30. Qh4 Rxg2+ 31. Kxg2 Rb2+ 32. Kg3 Qe1+ 33. Kg4 f5+ 34. Kg5 f6+ 0-1

[Event "Late-Titled-Tuesday-Blitz-January-23-2024"]
[Site "Chess.com"]
[Date "2024.01.23"]
[Round "8"]
[White "Maxfan2008"]
[Black "KorolDimitriy75"]
[Result "1/2-1/2"]
[WhiteElo "2500"]
[BlackElo "2362"]
[TimeControl "180+1"]
[EndTime "15:23:54 PST"]
[Termination "Game drawn by agreement"]

1. d4 Nf6 2. c4 c5 3. d5 b5 4. Qc2 bxc4 5. e4 d6 6. Bxc4 g6 7. Nc3 Bg7 8. Nf3 O-O 9. O-O Nbd7 10. Re1 Nb6 11. Bf1 e6 12. dxe6 Bxe6 13. Bf4 d5 14. exd5 Nfxd5 15. Rad1 Nb4 16. Rxd8 Nxc2 17. Rxf8+ Rxf8 18.
Rc1 Nd4 19. Nxd4 cxd4 20. Nb5 Bxa2 21. Ra1 Bb3 22. Rxa7 Nc4 23. Rd7 Nxb2 24. Nxd4 Bc4 25. Bxc4 Nxc4 26. h4 Ne5 27. Bxe5 Bxe5 28. Nf3 Bf6 29.
Rd2 h5 30. g3 Kg7 31. Kg2 1/2-1/2

[Event "Late-Titled-Tuesday-Blitz-January-23-2024"]
[Site "Chess.com"]
[Date "2024.01.23"]
[Round "8"]
[White "TV27"]
[Black "sansanathalia"]
[Result "0-1"]
[WhiteElo "2177"]
[BlackElo "2384"]
[TimeControl "180+1"]
[EndTime "15:23:54 PST"]
[Termination "sansanathalia won by resignation"]

1. e4 c5 2. Nc3 d6 3. g3 Nf6 4.
Bg2 e6 5. Nge2 Be7 6. O-O O-O 7. f4 Nc6 8. d4 cxd4 9. Nxd4 Nxd4 10. Qxd4 a6 11.
Kh1 Rb8 12. Be3 b5 13. Rad1 Qc7 14. e5 dxe5 15. fxe5 Nd7 16. Ne4 Qxe5 17. Qd3 Qc7 18. Bf4 e5 19. Bg5 Nc5 20. Nxc5 Bxg5 21. Ne4 Be7 22. c3 Be6 23. a3 Bc4 24. Qd7 Qxd7 25. Rxd7 Bxf1 26. Bxf1 Rfe8 27. Bg2 f5 28. Nf2 Rbd8 29.
Ra7 Bc5 30. Rxa6 Bxf2 31. h4 0-1

[Event "Late-Titled-Tuesday-Blitz-January-23-2024"]
[Site "Chess.com"]
[Date "2024.01.23"]
[Round "8"]
[White "Flameboard08"]
[Black "EsmeraldasAnderson03"]
[Result "1-0"]
[WhiteElo "2559"]
[BlackElo "2424"]
[TimeControl "180+1"]
[EndTime "15:23:55 PST"]
[Termination "Flameboard08 won by resignation"]

1. Na3 d5 2. c3 Nf6 3. d4 e6 4. f4 Ne4 5. Nf3 f5 6. Nc2 Be7 7. g3 Nd7 8. Bg2 Ndf6 9. O-O O-O 10. Ne5 c5 11. e3 Qc7 12. Ne1 b6 13. N1f3 Ba6 14. Re1 Rac8 15. Qa4 Qb7 16. Bf1 b5 17. Qd1 b4 18. Bxa6 Qxa6 19. cxb4 cxb4 20. Bd2 Rc7 21. Qb3 Qb5 22. a3 Rb8 23. axb4 Bxb4 24. Bxb4 Qxb4 25. Qxb4 Rxb4 26. Rec1 Rxc1+ 27. Rxc1 h6 28. Ng6 Rxb2 29. Rc8+ Kh7 30. Nfe5 Rb1+ 31. Kg2 Rb2+ 32. Kh3 Nf2+ 33. Kh4 Rb8 34. Rxb8 1-0

[Event "Late-Titled-Tuesday-Blitz-January-23-2024"]
[Site "Chess.com"]
[Date "2024.01.23"]
[Round "8"]
[White "Herman-NY"]
[Black "chegueps"]
[Result "0-1"]
[WhiteElo "2490"]
[BlackElo "2672"]
[TimeControl "180+1"]
[EndTime "15:23:56 PST"]
[Termination "chegueps won by resignation"]

1. e4 Nf6 2. e5 Nd5 3. d4 d6 4. c4 Nb6 5. f4 dxe5 6. fxe5 c5 7. d5 g6 8. Bf4 Bg7 9. Nc3 e6 10. Qd2 exd5 11. cxd5 O-O 12. Nf3 Na6 13. Be2 Nb4 14. Rd1 Bf5 15. O-O c4 16. Bh6 Bd3 17.
Bxg7 Kxg7 18. d6 Qe8 19. a3 Nc6 20. Bxd3 cxd3 21. Rde1 Nc4 22. Qf4 d2 23. Nxd2 N4xe5 24. Qf6+ Kg8 25. Nde4 Rd8 26. Qh4 f5 27. Nf6+ Rxf6 28.
Qxf6 Qf7 29. Qxf7+ Kxf7 30. Nb5 a6 31. Nc3 Rxd6 32.
Rd1 Nd4 33. Kf2 Ng4+ 34. Kg1 Ne3 35. Rde1 Nxf1 36. Kxf1 Re6 37. Rd1 Nc2 38. Rd7+ Re7 39. Rd6 Ne3+ 40. Kf2 Ng4+ 41. Kf1 Nxh2+ 42. Kf2 Ng4+ 43.
Kf1 Ne3+ 0-1

[Event "Late-Titled-Tuesday-Blitz-January-23-2024"]
[Site "Chess.com"]
[Date "2024.01.23"]
[Round "8"]
[White "TheAlienParty"]
[Black "DefiantChair"]
[Result "0-1"]
[WhiteElo "2376"]
[BlackElo "2597"]
[TimeControl "180+1"]
[EndTime "15:23:58 PST"]
[Termination "DefiantChair won by resignation"]

1. c4 e6 2. Nf3 Nf6 3. e3 d5 4. b3 c5 5. Bb2 Nc6 6. cxd5 exd5 7. Be2 Bd6 8. O-O O-O 9. d4 cxd4 10.
Nxd4 Ne4 11. Nf3 Bg4 12. Nc3 Nf6 13. Nb5 Bb8 14. Rc1 a6 15. Nbd4 Qd6 16. g3 Bh3 17.
Re1 Re8 18. Nxc6 bxc6 19. Qc2 Bd7 20. Bd4 Bc7 21. Red1 Ne4 22. Bd3 Bg4 23. Be2 Bd7 24.
Kg2 Qh6 25. Ng1 Nxf2 26. Bxa6 Ng4 27. Bb7 Rxa2 28. Qxa2 Qxh2+ 29. Kf3 Qxa2 30. Ne2 Nh2+ 31. Kf2 Bxg3+ 32. Kxg3 Qxe2 33. Re1 Qf3+ 34. Kxh2 Re6 0-1

[Event "Late-Titled-Tuesday-Blitz-January-23-2024"]
[Site "Chess.com"]
[Date "2024.01.23"]
[Round "8"]
[White "Alexei_Gubajdullin"]
[Black "Quattroporte300"]
[Result "1-0"]
[WhiteElo "2604"]
[BlackElo "2432"]
[TimeControl "180+1"]
[EndTime "15:24:02 PST"]
[Termination "Alexei_Gubajdullin won by resignation"]

1. Nf3 c5 2. g3 Nc6 3. Bg2 e5 4.
O-O d5 5. c4 d4 6. e3 Nf6 7. exd4 cxd4 8. Re1 Bd6 9. b4 Bg4 10. b5 Bxf3 11. Bxf3 Na5 12. c5 Bc7 13. b6 axb6 14. cxb6 Bd6 15. Qa4+ Kf8 16. Qb5 Nd7 17.
Ba3 Qe7 18. Bxd6 Qxd6 19. Bg4 Nc6 20. a4 h5 21. Bxd7 Qxd7 22. a5 Ra6 23. h4 Rh6 24. Ra4 Rd6 25. Na3 Rd5 26. Qe2 Raxa5 27. Rxa5 Nxa5 28.
Qxh5 f6 29. Qh7 Nc4 30. Nxc4 Rc5 31. d3 Kf7 32. h5 Kf8 33. h6 1-0

[Event "Late-Titled-Tuesday-Blitz-January-23-2024"]
[Site "Chess.com"]
[Date "2024.01.23"]
[Round "8"]
[White "Polish_fighter3000"]
[Black "ChessFighter_2011"]
[Result "1-0"]
[WhiteElo "3096"]
[BlackElo "2937"]
[TimeControl "180+1"]
[EndTime "15:24:04 PST"]
[Termination "Polish_fighter3000 won by resignation"]

1. d4 Nf6 2. Bg5 Ne4 3. Bf4 c5 4. f3 Nf6 5. d5 e6 6. e4 exd5 7. e5 Nh5 8. Ne2 Nxf4 9. Nxf4 Nc6 10. Qxd5 Qe7 11. Nc3 Qxe5+ 12. Qxe5+ Nxe5 13. Nfd5 Kd8 14. O-O-O d6 15. Be2 Be6 16. Rhe1 g6 17. f4 Nc6 18. Ne3 Nd4 19. Nb5 Bg7 20. c3 Nxb5 21. Bxb5 a6 22. Bc4 Kc7 23. Bxe6 fxe6 24. Nc4 Rad8 25. Rxe6 Rhe8 26.
Rdxd6 b5 27. Rc6+ Kb7 28. Na5+ Kb8 29. Rb6+ Kc7 30. Rec6+ 1-0

[Event "Late-Titled-Tuesday-Blitz-January-23-2024"]
[Site "Chess.com"]
[Date "2024.01.23"]
[Round "8"]
[White "chessflav"]
[Black "ccccvhhhj"]
[Result "0-1"]
[WhiteElo "2289"]
[BlackElo "2477"]
[TimeControl "180+1"]
[EndTime "15:24:05 PST"]
[Termination "ccccvhhhj won on time"]

1. e4 e6 2. Nf3 d5 3. e5 Bd7 4. a3 Ne7 5. d4 Nf5 6. b4 a5 7. b5 c5 8. bxc6 bxc6 9. c3 c5 10. Bd3 Nc6 11. Be3 Nh4 12. O-O c4 13.
Bc2 Be7 14. Nbd2 Rb8 15. Ne1 Bg5 16. Bxg5 Qxg5 17. g3 Ng6 18. f4 Qe7 19. Ndf3 Rb2 20. Rb1 Rxb1 21. Qxb1 O-O 22. h4 Rb8 23. Qd1 Nf8 24.
Ng2 f5 25. exf6 Qxf6 26. Ng5 h6 27. Nf3 Be8 28. Ne3 Bg6 29. Ng4 Qe7 30. Re1 Bxc2 31. Qxc2 Qxa3 32. f5 Rb2 33. Qd1 exf5 34. Nge5 Nxe5 35.
Nxe5 Qxc3 36. Rf1 Qxg3+ 0-1